 Dungeon Crawl Stone Soup version 0.31-a0-543-geaa9c7a2c0 (webtiles) character file.

Game seed: 17379618184315812221

93 Ethylacetat the Ducker (level 4, 0/46 HPs)
             Began as an Octopode Gladiator on Aug 15, 2023.
             Was an Initiate of Gozag.
             Slain by an orc
             ... wielding a +0 flail
              (4 damage)
             ... on level 3 of the Dungeon.
             The game lasted 00:03:04 (1811 turns).

Ethylacetat the Ducker (Octopode Gladiator)         Turns: 1811, Time: 00:03:05

Health: 0/46       AC: 22    Str: 11 (13) XL:     4   Next: 62%
Magic:  4/4        EV:  2    Int:  7 (10) God:    Gozag
Gold:   242        SH:  0    Dex: 14 (15) Spells: 3/3 levels left

rFire   . .          .
                       - Unarmed
rCold   . . .        (no shield)
rNeg    . . .        a - melded +0 hat
rPois   +            (no amulet)
rElec   .            (no ring)
rCorr   .            (no ring)
SInv    .            (no ring)
Will    .....        (no ring)
Stlth   +            (no ring)
HPRegen 0.27/turn    (no ring)
MPRegen 0.09/turn    (no ring)
                     (no ring)

%: no passive effects
@: mighty, tree-form, gold aura
A: stationary, stasis, torment immunity, boosted hp, almost no armour,
(amphibious), 8 rings, (camouflage 1), (gelatinous body 1), (nimble swimmer 1),
(tentacles)
a: Renounce Religion, Potion Petition, Call Merchant, Bribe Branch


You were on level 3 of the Dungeon.
You worshipped Gozag.
Gozag was aware of your devotion.
You were a tree.
You visited 1 branch of the dungeon, and saw 3 of its levels.

You collected 287 gold pieces.
You paid 45 gold pieces to Gozag.

Inventory:

Missiles
 b - 3 throwing nets (quivered)
 c - a javelin
Armour
 a - a +0 hat (melded)
Wands
 k - a wand of polymorph (8)
 l - a wand of paralysis (3)
Scrolls
 f - 2 scrolls of identify {unknown}
 g - a scroll of enchant armour {unknown}
Potions
 e - a potion of enlightenment
 h - a potion of degeneration
 i - a potion of cancellation


   Skills:
 + Level 3.1 Fighting
 - Level 2.0 Throwing
 + Level 3.8 Dodging
 + Level 3.8 Unarmed Combat


You had 3 spell levels left.
You didn't know any spells.
Your spell library was empty.

Dungeon Overview and Level Annotations

Branches:
Dungeon (3/15)

Altars:
Gozag


Innate Abilities, Weirdness & Mutations

You are a tree.
Your roots penetrate the ground, keeping you stationary.
You cannot be teleported.
You are immune to unholy pain and torment.
Your maximum health is greatly increased.
You cannot wear most types of armour.
((You are amphibious.))
You can wear up to eight rings at the same time.
((Your skin changes colour to match your surroundings (Stealth+).))
((Your rubbery body absorbs attacks. (AC +1, EV +1)))
((You are camouflaged when in or above water. (Stealth+)))
((You have tentacles for arms and can constrict up to eight enemies at once.))


Message History

You miss something. The bat hits you but does no damage. x2
Something hits you but does no damage.
The orc wizard hits you but does no damage.
You attack the rock wall.
The bat hits you but does no damage. Something hits you but does no damage.
The orc wizard casts a spell.
The orc wizard flickers and vanishes!
You nearly hit yourself!
The bat hits you but does no damage. x2
Something hits you.
* * * LOW HITPOINT WARNING * * *
You hear some strange, mumbled words.
A puff of flame appears from out of thin air!
The puff of flame hits you but does no damage.
You completely miss something. Your punch misses something.
You feel less confused.
The bat hits you but does no damage. x2; Something hits you but does no damage.
You hit something but do no damage. The bat hits you but does no damage. x2
Something hits you but does no damage.
You barely miss something.
An orc comes into view. It is wielding a +0 club.
The orc hits you but does no damage.
You hear some strange, mumbled words.
A puff of flame appears from out of thin air!
The puff of flame hits you.
* * * LOW HITPOINT WARNING * * *
You hear some strange, mumbled words.
A magic dart appears from out of thin air!
The magic dart hits you but does no damage.
You miss something. The bat barely misses you.
The orc hits you but does no damage.
You hear some strange, mumbled words.
Something tries to affect you, but you resist.
Something hits you but does no damage.
Unknown command.
You smack something!
Reactivating autopickup.
You feel a bit more experienced. The bat barely misses you.
The orc hits you with a +0 flail.
You die...
Your body crumbles into a pile of gold.

##### ##...##
#....<##### .
#.........#####)..
###.......b..{......
##.##...####$♣ob.....
####..<##..#####$##.....
.................# ...
........#..####..# .
#####.#.#..# #..#
.......... ....
###.###.#####.## #. #.#
#. #. #..


You could see an orc and 2 bats.

Vanquished Creatures
  An orc priest (D:3)
  An orc wizard (D:3)
  An adder (D:2)
  2 worms (D:2)
  2 dart slugs
  6 endoplasms
  2 giant cockroaches
  4 goblins
  2 hobgoblins
  6 jackals
  4 kobolds
  A ball python (D:1)
  3 bats
  4 frilled lizards
  6 rats
45 creatures vanquished.

Notes
Turn   | Place    | Note
-------+----------+-------------------------------------------
     0 | D:1      | Ethylacetat the Octopode Gladiator began the quest for the
                  | Orb.
     0 | D:1      | Reached XP level 1. HP: 14/14 MP: 1/1
   120 | D:1      | Found a faded altar of an unknown god.
   240 | D:1      | Reached XP level 2. HP: 19/19 MP: 2/2
   607 | D:1      | Reached XP level 3. HP: 24/25 MP: 3/3
  1024 | D:2      | Found an opulent altar of Gozag.
  1032 | D:2      | Became a worshipper of Gozag Ym Sagoz the Greedy
  1401 | D:2      | Reached XP level 4. HP: 28/30 MP: 4/4
  1811 | D:3      | Slain by an orc

Illustrated notes

Levels and vault maps discovered:
D:1:      lightli_arrival_farm, layout_loops_ring,
          dreamdust_ecumenical_altar_grove, hangedman_feature_mirror,
          grunt_decor_fettered
D:2:      kennysheep_big_flooded_room, layout_basic, basic_altar,
          minmay_misc_feat_tower
D:3:      layout_loops_ring, vehumet_altar_wand_db

Skill      XL: |  1  2  3  4 |
---------------+-------------+-----
Fighting       | 3 |  3.1
Throwing       | |  2.0
Dodging        | |  3.8
Unarmed Combat | |  3.8

Action                     |  1- 3 |  4- 6 || total
---------------------------+-------+-------++-------
  Melee: Unarmed           |    76 |    22 ||    98
         Tentacles         |    12 |     5 ||    17
         Constrict         |    22 |     5 ||    27
         Punch             |     1 |     1 ||     2
  Evoke: Wand              |       |     3 ||     3
    Use: Potion            |       |     5 ||     5
   Stab: Sleeping          |     9 |     1 ||    10
         Distracted        |     1 |       ||     1
 Armour: Skin              |     3 |    29 ||    32
  Dodge: Dodged            |    41 |    15 ||    56

Table legend: (Time is in decaauts)
 A = Elapsed time spent in this place.
 B = Non-inter-level travel time spent in this place.
 C = Inter-level travel time spent in this place.
 D = Time resting spent in this place.
 E = Time spent auto-exploring this place.
 F = Levels seen in this place.
 G = Mean time per level.
                   A        B        C        D        E       F      G
               +--------+--------+--------+--------+--------+-----+--------+
         Total |   1804 |   1711 |     93 |      0 |   1439 |   3 |  601.3 |
       Dungeon |   1804 |   1711 |     93 |      0 |   1439 |   3 |  601.3 |
               +--------+--------+--------+--------+--------+-----+--------+

Top non-repeatable levels by time:
     D:1: 947 daAuts
     D:2: 817 daAuts
     D:3: 39 daAuts
